 Dungeon Sprint DCSS version 0.19-a0-1803-g97ff39f (webtiles) character file.

12751 Arkorax the Shatterer (level 11, -12/120 HPs)
             Began as a Tengu Berserker on Oct 5, 2016.
             Was the Champion of Trog.
             Mangled by a stone giant (17 damage)
             ... in the Dungeon (Sprint IX: "|||||||||||||||||||||||||||||").
             The game lasted 00:06:18 (2472 turns).

Arkorax the Shatterer (Tengu Berserker)             Turns: 2472, Time: 00:06:18

Health: -12/120    AC: 15    Str: 25    XL:     11   Next: 98%
Magic:  6/12       EV: 19    Int:  9    God:    Trog [******]
Gold:   1925       SH:  0    Dex: 13    Spells: 0 memorised, 10 levels left

rFire  . . .     SeeInvis .     c - +4 dire flail (drain)
rCold  . . .     Gourm    .     p - +0 shadow dragon armour
rNeg   . . .     Faith    .     (shield currently unavailable)
rPois  .         Spirit   .     (helmet restricted)
rElec  .         Dismiss  .     G - +1 cloak
rCorr  .         Reflect  .     q - +0 pair of gloves
MR     ++...     Harm     .     (boots unavailable)
Stlth  .......... NoTele   +    (no amulet)
                                (no ring)
                                (no ring)

@: berserking, flying quickly and evasively, regenerating, very quick
A: beak, talons 3, able to fly 1
a: Berserk, Trog's Hand, Brothers in Arms, Burn Spellbooks, Renounce Religion


You were in the Dungeon.
You worshipped Trog.
Trog was exalted by your worship.
You were very hungry.

You visited 1 branch You collected 1925 gold pieces.

Inventory:

Hand Weapons
 a - a +0 mace
 c - a +4 dire flail of draining (weapon)
   (Trog gifted it to you in the Dungeon)
 s - a +2 morningstar of protection
   (You found it in the Dungeon)
 y - a +1 executioner's axe of freezing
   (Trog gifted it to you in the Dungeon)
 D - a +3 antimagic dire flail
   (Trog gifted it to you in the Dungeon)
Missiles
 v - 2 curare-tipped needles
 C - 21 bolts
 Y - 2 throwing nets (quivered)
Armour
 p - a +0 shadow dragon armour (worn)
 q - a +0 pair of gloves (worn)
 r - a +0 cloak
 G - a +1 cloak (worn)
 H - a +3 chain mail of fire resistance
   (You found it in the Dungeon)
Jewellery
 n - a +2 ring of evasion
 o - a +2 ring of evasion
 E - an uncursed ring of protection from cold
Wands
 m - a wand of lightning (2/15)
Scrolls
 b - 2 scrolls of enchant weapon
 i - 3 scrolls of blinking
 j - 3 scrolls of enchant armour
 l - 6 scrolls of remove curse
 t - 3 scrolls of recharging
 u - 3 scrolls of identify
Potions
 d - 6 potions of curing
 e - 12 potions of heal wounds {!q}
 f - 3 potions of haste {!q}
 g - 4 potions of magic {!q}
 h - 3 potions of berserk rage
 k - a potion of invisibility {!q}
Comestibles
 w - 35 fruits
 x - 12 bread rations {!e}
 z - 12 meat rations {!e}


   Skills:
 + Level 14.6 Fighting
 * Level 21.0 Maces & Flails
 + Level 4.5 Armour
 - Level 15.3 Dodging


You had 10 spell levels left.
You didn't know any spells.

Dungeon Overview and Level Annotations

Branches:
Dungeon (1/1)

Altars:
Cheibriados
Dithmenos
Elyvilon
Fedhas
Gozag
Hepliaklqana
Kikubaaqudgha
Makhleb
Nemelex Xobeh
Okawaru
Qazlal
Ru
Sif Muna
Trog
Uskayaw
Vehumet
Xom
Yredelemnul
Zin
The Shining One
Beogh
Jiyva
Lugonu

Shops:
D !*:*


Innate Abilities, Weirdness & Mutations

You have a beak for a mouth.
You have claws for feet.
You can fly.


Message History

The purple ugly thing is lightly wounded.
The purple ugly thing completely misses you.
Unknown command.
You puncture the purple ugly thing! Your kick misses the purple ugly thing.
Your peck misses the purple ugly thing.
The purple ugly thing is moderately wounded.
The purple ugly thing gores you!
Damage: 13 (max 13)
You impale the purple ugly thing!!
You claw the purple ugly thing, but do no damage.
You peck the purple ugly thing, but do no damage.
The purple ugly thing is severely wounded.
Unknown command.
You bludgeon the purple ugly thing!! You drain the purple ugly thing!
You claw the purple ugly thing.
You kill the purple ugly thing!
Trog accepts your kill. Something appears before you! Trog grants you a gift!
Your Maces & Flails skill increases to level 21!
The stone giant throws a large rock.
The large rock barely misses you.
A vampire mage comes into view.
Unknown command.
You feel the effects of Trog's Hand fading.
The stone giant hits you!!!
* * * LOW HITPOINT WARNING * * *
A stone giant comes into view.
You see here an ugly thing corpse.
Damage: 36 (max 36) Unknown command.
The stone giant shouts!
You puncture the stone giant!
You claw the stone giant, but do no damage.
You peck the stone giant, but do no damage.
The stone giant is lightly wounded.
You puncture the stone giant! You peck the stone giant.
The stone giant is moderately wounded.
The stone giant hits you!!
* * * LOW HITPOINT WARNING * * *
Unknown command.
Damage: 30 (max 36)
You are too injured to fight recklessly!
Unknown command.
You are too injured to fight recklessly!
Unknown command.
A red film seems to cover your vision as you go berserk!
You feel yourself moving faster!
You feel mighty!
You are feeling very hungry.
The stone giant hits you!
You die...

▓.▓.▓.▓.▓∩▓.▓
▓'▓.▓.▓.▓(▓.▓.▓
▓.▓.▓.▓.▓∩▓.▓V▓
▓.▓.▓.▓.▓.▓.▓C▓
▓.▓.▓.▓.▓∩▓.▓c▓
▓.▓.▓.▓.▓.▓.▓o▓
▓.▓.▓.▓.▓∩▓.▓C▓
▓)▓.▓.▓.▓.▓.▓C▓
▓|▓.▓.▓.▓)▓.▓@▓
▓?▓.▓.▓.▓)▓.▓)▓
▓.▓.▓.▓)▓)▓.▓†▓
▓'▓.▓%▓.▓)▓.▓.▓
▓.▓.▓)▓.▓)▓.▓.▓
▓_▓.▓.▓.▓.▓.▓.▓
▓_▓.▓.▓.▓.▓.▓(▓
▓_▓.▓.▓.▓.▓.▓.▓
▓_▓.▓.▓.▓.▓.▓.▓


You could see 2 stone giants, a hill giant, a vampire mage, a yaktaur and an orc
warrior.

Vanquished Creatures
  Harold (D)
  A hydra (D)
  A centaur warrior (D)
  2 ogre magi (D)
  Sonja (D)
  An orc knight (D)
  An ugly thing (D)
  A cyclops (D)
  5 spiny frogs (D)
  A komodo dragon (D)
  3 two-headed ogres (D)
  3 blink frogs (D)
  3 hippogriffs (D)
  2 wyverns (D)
  2 yaks (D)
  3 vampire mosquitoes (D)
  A hungry ghost (D)
  A soldier ant (D)
  3 water moccasins (D)
  4 orc warriors (D)
  8 ogres (D)
  A crocodile (shapeshifter) (D)
  5 bullfrogs (D)
  A killer bee (D)
  A howler monkey (D)
  2 orc wizards (D)
  2 iguanas (D)
  A river rat (D)
  A shadow imp (D)
  A leopard gecko (D)
  6 orcs (D)
  A giant cockroach (D)
  A goblin (D)
  A hobgoblin (D)
  A bat (D)
  A kobold (D)
74 creatures vanquished.

Vanquished Creatures (collateral kills)
  A stone giant (D)
  A kobold demonologist (D)
  A soldier ant (D)
  4 orc warriors (D)
  A hound (D)
  2 orc priests (D)
  A jelly (D)
  2 orc wizards (D)
  7 orcs (D)
20 creatures vanquished.

Grand Total: 94 creatures vanquished

Notes
Turn   | Place    | Note
-------+----------+-------------------------------------------
     0 | D        | Arkorax the Tengu Berserker began the quest for the Orb.
     0 | D        | Reached XP level 1. HP: 14/14 MP: 2/2
    11 | D        | Reached ** piety under Trog
    11 | D        | Reached skill level 4 in Maces & Flails
    24 | D        | Noticed an iguana
    24 | D        | Noticed a howler monkey
    28 | D        | Reached XP level 2. HP: 15/19 MP: 3/3
    29 | D        | Reached *** piety under Trog
    32 | D        | Killed a howler monkey
    32 | D        | Reached skill level 4 in Fighting
    32 | D        | Reached skill level 6 in Maces & Flails
    32 | D        | Reached skill level 4 in Dodging
    32 | D        | P0WERM0DE: never played this
    32 | D        | Reached XP level 3. HP: 20/24 MP: 4/4
    34 | D        | Reached skill level 7 in Maces & Flails
    34 | D        | Reached XP level 4. HP: 27/30 MP: 5/5
    61 | D        | Arkorax: its
    61 | D        | Arkorax: horrible
    61 | D        | Arkorax: like
    61 | D        | Arkorax: all 4 hell lords at once
    61 | D        | Arkorax: same with oan
    61 | D        | Arkorax: *pan
   188 | D        | Found a roughly hewn altar of Beogh.
   188 | D        | Found a snail-covered altar of Cheibriados.
   188 | D        | Found a shadowy altar of Dithmenos.
   188 | D        | Found a white marble altar of Elyvilon.
   188 | D        | Found a blossoming altar of Fedhas.
   188 | D        | Found an opulent altar of Gozag.
   189 | D        | Found a hazy altar of Hepliaklqana.
   190 | D        | Found a viscous altar of Jiyva.
   191 | D        | Found an ancient bone altar of Kikubaaqudgha.
   192 | D        | Found a corrupted altar of Lugonu.
   193 | D        | Found a burning altar of Makhleb.
   194 | D        | Found a sparkling altar of Nemelex Xobeh.
   195 | D        | Found an iron altar of Okawaru.
   196 | D        | Found a stormy altar of Qazlal.
   197 | D        | Found a sacrificial altar of Ru.
   198 | D        | Found a deep blue altar of Sif Muna.
   199 | D        | Found a bloodstained altar of Trog.
   200 | D        | Found a hide-covered altar of Uskayaw.
   201 | D        | Found a radiant altar of Vehumet.
   202 | D        | Found a shimmering altar of Xom.
   203 | D        | Found a basalt altar of Yredelemnul.
   204 | D        | Found a glowing silver altar of Zin.
   205 | D        | Found a glowing golden altar of the Shining One.
   269 | D        | Noticed a bullfrog
   269 | D        | Noticed a hippogriff
   269 | D        | Noticed a hungry ghost
   269 | D        | Noticed a yak
   275 | D        | Killed a yak
   275 | D        | Reached skill level 6 in Fighting
   275 | D        | Reached skill level 9 in Maces & Flails
   275 | D        | Reached skill level 6 in Dodging
   275 | D        | Gained mutation: You can fly. [Tengu growth]
   275 | D        | Reached XP level 5. HP: 37/37 MP: 6/6
   278 | D        | Killed a hungry ghost
   278 | D        | Reached **** piety under Trog
   278 | D        | Reached skill level 7 in Fighting
   278 | D        | Reached skill level 11 in Maces & Flails
   278 | D        | Reached skill level 7 in Dodging
   278 | D        | Reached XP level 6. HP: 44/44 MP: 7/7
   283 | D        | Killed a hippogriff
   283 | D        | Reached skill level 8 in Fighting
   283 | D        | Reached skill level 12 in Maces & Flails
   283 | D        | Reached skill level 8 in Dodging
   283 | D        | Reached XP level 7. HP: 49/49 MP: 8/8
   329 | D        | Noticed a golden eye
   329 | D        | Noticed a kobold demonologist
   329 | D        | Noticed a soldier ant
   333 | D        | Noticed a mottled dragon
   344 | D        | Reached skill level 9 in Dodging
   350 | D        | Killed a soldier ant
   353 | D        | Killed a kobold demonologist
   353 | D        | Reached ***** piety under Trog
   353 | D        | Reached skill level 9 in Fighting
   353 | D        | Reached skill level 13 in Maces & Flails
   353 | D        | Reached XP level 8. HP: 56/56 MP: 9/9
   366 | D        | HP: 16/56 [burnt (3)]
   601 | D        | P0WERM0DE: use fly?
   675 | D        | Arkorax: ty
   675 | D        | Arkorax: not perma atm
   700 | D        | Noticed a spiny frog
   700 | D        | Noticed a komodo dragon
   702 | D        | Noticed a seven-headed hydra
   723 | D        | P0WERM0DE: yeea befoe fight then
   738 | D        | Killed a komodo dragon
   738 | D        | Reached skill level 10 in Dodging
   741 | D        | Killed a seven-headed hydra
   741 | D        | Reached skill level 10 in Fighting
   741 | D        | Reached skill level 15 in Maces & Flails
   741 | D        | Reached skill level 11 in Dodging
   741 | D        | Reached XP level 9. HP: 50/63 MP: 10/10
   749 | D        | P0WERM0DE: 3 ev;P
   751 | D        | Killed a spiny frog
   751 | D        | Received a gift from Trog
   753 | D        | Reached skill level 11 in Fighting
   758 | D        | Arkorax: ;p
   833 | D        | Noticed a spiny frog
   838 | D        | Killed a spiny frog
   838 | D        | Reached skill level 16 in Maces & Flails
   838 | D        | Reached skill level 12 in Dodging
   891 | D        | Noticed a spiny frog
   894 | D        | Reached XP level 10. HP: 56/70 MP: 11/11
   901 | D        | Received a gift from Trog
   901 | D        | Reached skill level 17 in Maces & Flails
   906 | D        | Killed a spiny frog
   906 | D        | Reached skill level 12 in Fighting
  1113 | D        | Noticed a spiny frog
  1119 | D        | Killed a spiny frog
  1119 | D        | Reached skill level 13 in Dodging
  1122 | D        | Received a gift from Trog
  1126 | D        | Reached skill level 18 in Maces & Flails
  1130 | D        | Reached ****** piety under Trog
  1131 | D        | Noticed a spiny frog
  1141 | D        | Killed a spiny frog
  1229 | D        | Noticed Harold
  1243 | D        | Killed Harold
  1310 | D        | Noticed Sonja
  1320 | D        | Killed Sonja
  1320 | D        | Reached skill level 13 in Fighting
  1320 | D        | Reached skill level 14 in Dodging
  1320 | D        | Reached XP level 11. HP: 61/78 MP: 12/12
  1538 | D        | Noticed a stone giant
  1544 | D        | Killed a stone giant
  1544 | D        | Received a gift from Trog
  1544 | D        | Reached skill level 19 in Maces & Flails
  1553 | D        | Received a gift from Trog
  1679 | D        | Noticed an orc knight
  1688 | D        | HP: 19/78 [orc knight/uncursed great mace (13)]
  1694 | D        | Killed an orc knight
  1697 | D        | Received a gift from Trog
  1715 | D        | Received a gift from Trog
  2043 | D        | Found Piarroax's Assorted Antiques.
  2054 | D        | Found Lymin's Book Shop.
  2066 | D        | Found Jest's Assorted Antiques.
  2069 | D        | Received a gift from Trog
  2072 | D        | Reached skill level 20 in Maces & Flails
  2077 | D        | Found Godwic's Distillery.
  2087 | D        | Noticed an ogre mage
  2093 | D        | Noticed an ogre mage
  2095 | D        | Killed an ogre mage
  2095 | D        | Reached skill level 14 in Fighting
  2095 | D        | Reached skill level 15 in Dodging
  2104 | D        | Received a gift from Trog
  2108 | D        | Killed an ogre mage
  2438 | D        | Noticed a purple ugly thing
  2438 | D        | Noticed a cyclops
  2438 | D        | Noticed a centaur warrior
  2445 | D        | Noticed a hill giant
  2450 | D        | Killed a centaur warrior
  2450 | D        | Reached skill level 3 in Armour
  2458 | D        | Noticed a stone giant
  2463 | D        | Killed a cyclops
  2463 | D        | Reached skill level 4 in Armour
  2468 | D        | Killed a purple ugly thing
  2468 | D        | Received a gift from Trog
  2468 | D        | Reached skill level 21 in Maces & Flails
  2469 | D        | Noticed a vampire mage
  2470 | D        | Noticed a stone giant
  2471 | D        | HP: 3/80 [stone giant (31)]
  2472 | D        | Mangled by a stone giant

Vault maps used:
D:        linesprint

Skill      XL: |  1  2  3  4  5  6  7  8  9 10 11 |
---------------+----------------------------------+-----
Maces & Flails | 4 6 7 9 11 12 13 15 16 18 21 | 21.0
Fighting       | 4 6 7 8 9 10 11 13 14 | 14.6
Dodging        | 4 6 7 8 9 11 12 14 15 | 15.3
Armour         | 4 |  4.5

Action                   |  1- 3 |  4- 6 |  7- 9 | 10-12 || total
-------------------------+-------+-------+-------+-------++-------
Melee: Mace              |    17 |     1 |       |       ||    18
       Kick              |     3 |     6 |    29 |    44 ||    82
       Peck              |     1 |     1 |    11 |    24 ||    37
       Morningstar       |       |    12 |    39 |       ||    51
       Dire flail        |       |       |    21 |   126 ||   147
Invok: Trog's Hand       |     1 |     1 |     4 |     8 ||    14
       Berserk           |     1 |     1 |     2 |     6 ||    10
       Brothers in Arms  |       |       |     2 |     2 ||     4
 Abil: Fly               |       |       |     1 |     2 ||     3
Evoke: Wand              |       |       |       |     5 ||     5
  Use: Potion            |       |       |       |     3 ||     3
  Eat: Chunk             |       |       |     2 |    10 ||    12
       Bread ration      |       |       |     1 |       ||     1
       Fruit             |       |       |       |     5 ||     5
Armor: Animal skin       |     2 |       |       |       ||     2
       Chain mail        |       |     5 |    25 |    14 ||    44
       Shadow dragon arm |       |       |       |     4 ||     4
Dodge: Dodged            |    12 |     4 |    29 |    66 ||   111

Table legend:
 A = Turns spent in this place as a percentage of turns spent in the entire game.
 B = Non-inter-level travel turns spent in this place as a percentage of non-inter-level travel turns spent in the entire game.
 C = Inter-level travel turns spent in this place as a percentage of turns spent in this place.
 D = Turns resting spent in this place as a percentage of non-inter-level travel turns spent in this place.
 E = Turns spent auto-exploring this place as a percentage of non-inter-level travel turns spent in this place.
 F = Non-inter-level travel turns spent in this place divided by the number of levels of this place that you've seen.
                   A       B       C       D       E      F
               +-------+-------+-------+-------+-------+----------------------
         Total | 100.0 | 100.0 |   0.0 |   6.5 |   2.1 | 1060.0
       Dungeon | 100.0 | 100.0 |   0.0 |   6.5 |   2.1 | 1060.0
               +-------+-------+-------+-------+-------+----------------------

Vault maps used:
D:        linesprint
